 Dungeon Crawl Stone Soup version 0.27-a0-1301-g128193abf8 (webtiles) character file.

Game seed: 9082770998505175455

86919 Zonian the Destroyer (level 15, 0/93 HPs)
             Began as a Tengu Conjurer on June 16, 2021.
             Was a High Priest of Vehumet.
             Killed from afar by a deep elf zephyrmancer (36 damage)
             ... with a bolt of lightning
             ... on level 2 of the Orcish Mines on June 17, 2021.
             The game lasted 02:13:54 (60928 turns).

Zonian the Destroyer (Tengu Conjurer)              Turns: 60928, Time: 02:13:54

Health: 0/93       AC: 26    Str: 14    XL:     15   Next: 88%
Magic:  26/30      EV: 18    Int: 32    God:    Vehumet [*****.]
Gold:   1368       SH: 12    Dex: 15    Spells: 0/34 levels left

rFire    + + .     SeeInvis .   N - +7 rapier of Piah Po Hao {freeze, rF+ Int+6}
rCold    . . .     Faith    .   n - +2 buckler
rNeg     . . .     Spirit   .   A - +8 ring mail of Loss {rF+ rCorr Int+4}
rPois    .         Reflect  +   (helmet restricted)
rElec    .         Harm     .   o - +2 cloak
rCorr    +         Rampage  .   E - +0 pair of gloves
Will     +....                  (boots unavailable)
Stlth    ++++......             Q - amulet of reflection
HPRegen  0.25/turn              Y - ring of the Tortoise {AC+8}
MPRegen  0.22/turn              y - +6 ring of strength

@: flying quickly and evasively, studying Fighting, quick
A: beak, talons 3, nimble flight
a: Renounce Religion


You were on level 2 of the Orcish Mines.
You worshipped Vehumet.
Vehumet was extremely pleased with you.
You visited 3 branches of the dungeon, and saw 23 of its levels.
You also visited: Ossuary and Bailey.

You collected 2588 gold pieces.
You spent 1220 gold pieces at shops.

Inventory:

Hand Weapons
 a - the +5 quick blade of Fragile Peace {vorpal, rN+++ Will+ Int-3}
   (You acquired it in a bailey)

   It inflicts extra damage upon your enemies.
   It affects your intelligence (-3).
   It renders you almost immune to negative energy.
   It increases your willpower.
 F - the +11 long sword of Chance {venom, rF+ rCorr Stlth+}
   (You bought it in a shop on level 8 of the Dungeon)

   It poisons the flesh of those it strikes.
   It protects you from fire.
   It protects you from acid and corrosion.
   It makes you more stealthy.
 N - the +7 rapier of Piah Po Hao (weapon) {freeze, rF+ Int+6}
   (You found it on level 3 of the Lair of Beasts)

   It has been specially enchanted to freeze those struck by it, causing extra
   injury to most foes and up to half again as much damage against particularly
   susceptible opponents.
   It can also slow down cold-blooded creatures.
   It affects your intelligence (+6).
   It protects you from fire.
Missiles
 g - 64 poisoned darts
 j - 13 javelins
 C - 4 throwing nets
 W - 5 curare-tipped darts
Armour
 n - a +2 buckler (worn)
 o - a +2 cloak (worn)
 A - the +8 ring mail of Loss (worn) {rF+ rCorr Int+4}
   (You found it on level 9 of the Dungeon)

   It affects your intelligence (+4).
   It protects you from fire.
   It protects you from acid and corrosion.
 E - a +0 pair of gloves (worn)
Magical Staves
 Z - a staff of conjuration
Jewellery
 i - a +4 ring of evasion
 y - a +6 ring of strength (right hand)
 Q - an amulet of reflection (around neck)
 X - a ring of ice
 Y - the ring of the Tortoise (left hand) {AC+8}
   (You took it off a boggart on level 15 of the Dungeon)

   [ring of protection]

   It affects your AC (+8).
Wands
 q - a wand of iceblast (3)
 r - a wand of paralysis (14)
 s - a wand of charming (33)
 t - a wand of polymorph (7)
 G - a wand of digging (6)
 J - a wand of flame (55)
 K - a wand of acid (26)
 L - a wand of mindburst (8)
Scrolls
 k - 7 scrolls of teleportation
 l - a scroll of amnesia
 u - 4 scrolls of magic mapping
 x - a scroll of summoning
 z - 5 scrolls of holy word
 B - 2 scrolls of fog
 H - 2 scrolls of blinking
 I - 5 scrolls of fear
 P - 3 scrolls of identify
Potions
 b - 6 potions of curing
 c - 3 potions of attraction
 d - 7 potions of ambrosia
 e - 4 potions of magic
 f - a potion of heal wounds
 h - 2 potions of cancellation {unknown}
 m - 3 potions of might
 p - a potion of brilliance
 w - 2 potions of resistance
 D - 2 potions of haste
 M - 7 potions of lignification
 S - 2 potions of berserk rage
Miscellaneous
 R - a lightning rod (4/4)
 U - a box of beasts


   Skills:
 + Level 10.5 Fighting
 + Level 7.7(8.0) Short Blades
 - Level 2.6(5.5) Long Blades
 - Level 4.0 Armour
 + Level 10.9 Dodging
 + Level 11.1 Stealth
 - Level 4.1 Shields
 + Level 10.3 Spellcasting
 + Level 14.9 Conjurations
 - Level 5.0 Translocations
 + Level 5.4 Fire Magic
 + Level 8.3 Air Magic
 - Level 2.2 Earth Magic
 + Level 6.6 Poison Magic
 - Level 4.4 Evocations


You couldn't memorise any spells.
You knew the following spells:

 Your Spells              Type           Power      Damage    Failure   Level
a - Magic Dart            Conj           100%       1d8       0%          1
b - Searing Ray           Conj           100%       3d7       0%          2
c - Mephitic Cloud        Conj/Pois/Air  69%        N/A       1%          3
d - Conjure Ball Lightni  Conj/Air       37%        3x3d12    2%          6
e - Blink                 Tloc           N/A        N/A       1%          2
f - Iskenderun's Mystic   Conj/Tloc      69%        2d14      1%          4
g - Stone Arrow           Conj/Erth      100%       3d13      1%          3
h - Ignite Poison         Fire/Tmut/Pois 42%        N/A       1%          3
i - Fireball              Conj/Fire      34%        3d14      1%          5
j - Lightning Bolt        Conj/Air       37%        1d55      1%          5

Your spell library contained the following spells:

 Spells                   Type           Power      Damage    Failure   Level
 Spellforged Servitor     Conj/Summ      29%        N/A       47%         7
 Sandblast                Erth           60%        2d14      1%          1
 Sting                    Tmut/Pois      100%       1d8       1%          1
 Poisonous Vapours        Pois/Air       100%       N/A       1%          2
 Conjure Flame            Conj/Fire      69%        6-21      1%          3
 Dazzling Flash           Conj/Hex       100%       N/A       1%          3
 Fulminant Prism          Conj/Hex       29%        3d14      1%          4
 Olgreb's Toxic Radiance  Pois           56%        N/A       1%          4
 Gell's Gravitas          Tloc           24%        N/A       2%          3
 Irradiate                Conj/Tmut      29%        3d23      2%          5
 Starburst                Conj/Fire      34%        8x6d10    3%          6
 Animate Skeleton         Necr           32%        N/A       5%          1
 Pain                     Necr           64%        1d7       5%          1
 Passwall                 Tmut/Erth      19%        N/A       5%          2
 Call Imp                 Summ           16%        N/A       9%          2
 Slow                     Hex            16%        N/A       9%          2
 Confusing Touch          Hex            16%        N/A       17%         3
 Vampiric Draining        Necr           8%         2d7       17%         3
 Lee's Rapid Deconstruct  Erth           15%        3d11*     17%         5
 Petrify                  Tmut/Erth      23%        N/A       34%         4
 Yara's Violent Unravell  Hex/Tmut       8%         3d5       36%         5
 Eringya's Noxious Bog    Tmut/Pois      18%        N/A       45%         6
 Animate Dead             Necr           8%         N/A       50%         4
 Borgnjor's Vile Clutch   Necr/Erth      11%        N/A       69%         5
 Agony                    Necr           16%        N/A       83%         5
 Metabolic Englaciation   Hex/Ice        8%         N/A       83%         5
 Death Channel            Necr           8%         N/A       100%        6
 Simulacrum               Ice/Necr       8%         N/A       100%        6
 Ignition                 Fire           25%        3d8       100%        8


Dungeon Overview and Level Annotations

Branches:
Dungeon (15/15)            Temple (0/1) D:7            Lair (6/6) D:8
 Shoals (0/4) Lair:3       Spider (0/4) Lair:4        Slime (0/5) Lair:5
    Orc (2/2) D:11            Elf (0/3) Orc:2        Vaults (0/5) D:13
 Depths (0/5) D:15        Ossuary (visited)          Bailey (visited)

Altars:
Cheibriados
Kikubaaqudgha
Nemelex Xobeh
Ru
Trog
Vehumet
The Shining One
Beogh
Jiyva

Shops:
D:3 *   D:8 (   D:12 ?   Orc:2 ?![?

Annotations:
D:5 2 transporters
D:9 2 transporters, Orlauf's ghost, novice DsGl
D:12 3 runed translucent doors, Orlauf's ghost, journeyman DsGl
Lair:4 1 runed translucent door, runemage's ghost, journeyman GnFi


Innate Abilities, Weirdness & Mutations

You have a beak for a mouth.
You have claws for feet.
Your magical nature lets you fly swiftly and evasively.


Message History

Unknown command.
Okay, then.
Okay, then.
Drop what? 49/52 slots (_ for help) (? for menu, Esc to quit)
You drop a scroll of vulnerability.
You drop a scroll of enchant weapon.
f - 2 potions of heal wounds
There is an entrance to Ciorrah's Distillery here.
You can access your shopping list by pressing '$'.
There is an entrance to Dumaw's Magic Scroll Shoppe here.
k - 7 scrolls of teleportation (gained 1) Thank you for shopping at Dumaw's Magic Scroll Shoppe!
Items here: )) [ รท.
Things that are here:
a +0 ring mail; 2 boomerangs; a +0 flail A deep elf zephyrmancer comes into view.
It is wielding a +0 long sword.
The deep elf zephyrmancer moves out of view.
Unknown command.
The magic dart hits the deep elf zephyrmancer.
The deep elf zephyrmancer is lightly wounded.
The magic dart hits the deep elf zephyrmancer but does no damage.
The deep elf zephyrmancer is lightly wounded.
The magic dart hits the deep elf zephyrmancer.
The deep elf zephyrmancer is lightly wounded.
The magic dart hits the deep elf zephyrmancer.
The deep elf zephyrmancer is lightly wounded.
The deep elf zephyrmancer points at you and mumbles some strange words.
The bolt of lightning hits you! The bolt of lightning hits you!!
The magic dart hits the deep elf zephyrmancer.
The deep elf zephyrmancer is moderately wounded.
The deep elf zephyrmancer casts a spell at you.
The bolt of lightning hits you!! x2
* * * LOW HITPOINT WARNING * * *
You are too injured to fight recklessly!
You are too injured to fight recklessly!
You are too injured to fight recklessly!
You feel much better.
The deep elf zephyrmancer points at you and mumbles some strange words.
The bolt of lightning hits you. The bolt of lightning hits you!!!
You die...

##..### ##...#
###.. ###
################
##.#.#...........
##................
##.#........#######
#.@.........#
#..##..#....#
....##.......#
..e...#.#......#
.................#
.................#
..#......
#.........


You could see a deep elf zephyrmancer.

Vanquished Creatures
  Rupert (Lair:3)
  A frost giant (D:15)
  Azrael (D:12)
  Snorg (D:12)
  2 ettins (Orc:1)
  A fire dragon (Lair:6)
  3 boulder beetles
  Erolcha (D:13)
  The ghost of pmoppi the Slicer, a journeyman VSBr of Ashenzari (D:10)
  5 hydras
  A catoblepas (D:15)
  4 centaur warriors
  A two-headed ogre (D:10)
  2 dancing weapons (D:13)
  2 death knights
  4 death yaks
  3 orc high priests (Orc:2)
  2 tengu warriors (D:15)
  Sonja (Lair:5)
  4 skeletal warriors (D:14)
  6 orc knights
  A swamp dragon (Lair:6)
  2 wizards
  2 lindwurms (Lair:5)
  A phantasmal warrior (D:14)
  A deep elf zephyrmancer (Orc:2)
  3 orc sorcerers (Orc:2)
  A wolf spider (D:15)
  8 ugly things
  5 cyclopes
  5 manticores
  2 black mambas
  17 elephants
  A gargoyle (D:13)
  A torpor snail (Lair:5)
  10 cane toads
  7 rime drakes
  3 efreet (D:15)
  7 komodo dragons
  A kobold demonologist (D:12)
  2 freezing wraiths (D:15)
  A yaktaur (D:15)
  A tengu conjurer (D:15)
  A queen bee (D:10)
  3 trolls
  A hornet (D:10)
  6 slime creatures
  20 blink frogs
  3 vampires
  30 yaks
  3 wraiths
  3 fire elementals (D:12)
  A hog (shapeshifter) (D:12)
  5 wyverns
  5 basilisks
  Menkaure (D:7)
  2 steam dragons
  13 vampire mosquitoes
  Grum (D:9)
  4 wargs
  3 acid dragons
  15 water moccasins
  2 hell hounds (D:12)
  36 orc warriors
  A swamp drake (Lair:6)
  A black bear (D:5)
  3 sky beasts
  A necrophage (D:5)
  9 ice beasts
  7 ogres
  2 wolves (D:9)
  A boggart (D:15)
  10 centaurs
  A phantom (D:5)
  A kobold brigand (D:9)
  17 bullfrogs
  A gnoll sergeant (D:8)
  5 scorpions
  16 killer bees
  5 wights
  4 howler monkeys
  7 electric eels
  A crimson imp (Orc:2)
  7 centaur zombies
  6 hounds
  A centaur skeleton (D:4)
  17 orc priests
  A gnoll shaman (D:4)
  An iron imp (Orc:2)
  A bullfrog skeleton (D:6)
  8 iguanas
  21 orc wizards
  5 hell rats (Lair:3)
  A hound zombie (D:5)
  4 mummies (Ossuary)
  A howler monkey zombie (D:9)
  7 gnolls
  9 adders
  2 shadow imps
  A white imp (D:6)
  5 worms
  2 dart slugs
  99 orcs
  6 ball pythons
  3 endoplasms
  5 giant cockroaches
  5 goblins
  3 hobgoblins
  12 jackals
  9 kobolds
  5 quokkas
  4 bats
  A frilled lizard (D:1)
  A hobgoblin zombie (Ossuary)
  6 rats
639 creatures vanquished.

Vanquished Creatures (collateral kills)
  2 wights (D:7)
  2 mummies (Ossuary)
4 creatures vanquished.

Vanquished Creatures (others)
  2 wights (D:7)
  An orc priest (Orc:2)
  An orc wizard (Orc:2)
  A white imp (Orc:2)
  7 orcs (Orc:2)
  3 ball lightnings (Orc:2)
  31 fungi
  65 plants
111 creatures vanquished.

Grand Total: 754 creatures vanquished

Notes
Turn   | Place    | Note
-------+----------+-------------------------------------------
     0 | D:1      | Zonian the Tengu Conjurer began the quest for the Orb.
     0 | D:1      | Reached XP level 1. HP: 10/10 MP: 4/4
   180 | D:1      | Reached XP level 2. HP: 15/15 MP: 0/6
   698 | D:1      | Reached skill level 6 in Conjurations
   999 | D:2      | Reached XP level 3. HP: 15/19 MP: 1/7
  1893 | D:2      | Learned a level 2 spell: Searing Ray
  1918 | D:2      | Reached XP level 4. HP: 20/24 MP: 4/8
  2474 | D:2      | Found a glowing golden altar of the Shining One.
  2861 | D:3      | Reached skill level 7 in Conjurations
  3905 | D:3      | Found Jayrolod's Assorted Antiques.
  3917 | D:3      | Bought a scroll labelled LAPPESOFFE for 30 gold pieces
  4155 | D:3      | Noticed a scorpion
  4162 | D:3      | Killed a scorpion
  4163 | D:3      | Gained mutation: Your magical nature lets you fly swiftly
                  | and evasively. [Tengu growth]
  4163 | D:3      | Reached XP level 5. HP: 27/28 MP: 3/10
  4701 | D:3      | Found a faded altar of an unknown god.
  4709 | D:3      | Became a worshipper of Vehumet
  4709 | D:3      | Reached * piety under Vehumet
  4709 | D:3      | Offered knowledge of Shock by Vehumet.
  5153 | D:4      | Reached XP level 6. HP: 32/32 MP: 4/11
  5910 | D:4      | Reached skill level 8 in Conjurations
  6287 | D:4      | Reached skill level 1 in Short Blades
  6429 | D:4      | Learned a level 3 spell: Mephitic Cloud
  7031 | D:4      | Reached ** piety under Vehumet
  7031 | D:4      | Offered knowledge of Foxfire by Vehumet.
  7032 | D:4      | Reached XP level 7. HP: 36/36 MP: 9/13
  7591 | D:5      | Entered Level 5 of the Dungeon
  7624 | D:5      | Found a transporter.
  7641 | D:5      | Reached skill level 1 in Air Magic
  7965 | D:5      | Reached skill level 1 in Poison Magic
  8580 | D:5      | Found a transporter.
  8951 | D:5      | Reached skill level 9 in Conjurations
  9304 | D:5      | Reached XP level 8. HP: 41/41 MP: 7/15
 11970 | D:6      | Reached skill level 5 in Spellcasting
 12618 | D:7      | Reached skill level 10 in Conjurations
 12654 | D:7      | Found a staircase to the Ecumenical Temple.
 12802 | D:7      | Reached XP level 9. HP: 46/46 MP: 10/18
 12973 | D:7      | Reached skill level 1 in Shields
 13139 | D:7      | Reached skill level 1 in Fighting
 13157 | D:7      | Offered knowledge of Poisonous Vapours by Vehumet.
 13161 | D:7      | Learned a level 2 spell: Poisonous Vapours
 13465 | D:7      | Found a sacrificial altar of Ru.
 13718 | D:7      | Noticed Menkaure
 13724 | D:7      | Killed Menkaure
 13938 | D:7      | Reached skill level 5 in Stealth
 14218 | D:8      | Found a sand-covered staircase.
 14233 | Ossuary  | Entered an ossuary
 14500 | D:8      | Reached *** piety under Vehumet
 15099 | D:3      | Bought a jewelled gold wand for 120 gold pieces
 15099 | D:3      | Bought a glass wand for 120 gold pieces
 16141 | D:8      | Reached XP level 10. HP: 48/56 MP: 13/20
 16265 | D:8      | Reached skill level 5 in Dodging
 16448 | D:8      | Reached skill level 11 in Conjurations
 16611 | D:8      | Found Wanub's Antique Weapon Shop.
 17000 | D:8      | Found a staircase to the Lair.
 17174 | D:8      | Offered knowledge of Hailstorm by Vehumet.
 17685 | Lair:1   | Entered Level 1 of the Lair of Beasts
 17858 | Lair:1   | Noticed a black mamba
 17869 | Lair:1   | Killed a black mamba
 18186 | Lair:1   | Learned a level 2 spell: Blink
 18191 | Lair:1   | Learned a level 4 spell: Iskenderun's Mystic Blast
 18883 | Lair:1   | Reached skill level 1 in Translocations
 19200 | Lair:1   | Reached **** piety under Vehumet
 19334 | Lair:1   | Reached XP level 11. HP: 55/62 MP: 12/22
 19352 | Lair:1   | Offered knowledge of Freezing Cloud by Vehumet.
 19628 | Lair:1   | Reached skill level 5 in Fighting
 20621 | Lair:1   | Reached skill level 12 in Conjurations
 21255 | Lair:2   | Learned a level 3 spell: Stone Arrow
 21391 | Lair:2   | You are sucked into a shaft and drop 2 floors!
 23178 | Lair:2   | Reached skill level 1 in Earth Magic
 23647 | D:8      | Bought a smoking long sword for 263 gold pieces
 23647 | D:8      | Identified the +11 long sword of Chance {venom, rF+ rCorr
                  | Stlth+} (You bought it in a shop on level 8 of the Dungeon)
 24098 | Lair:3   | Noticed a six-headed hydra
 24099 | Lair:3   | Noticed Rupert
 24320 | Lair:3   | Paralysed by Rupert for 3 turns
 24571 | Lair:3   | Reached skill level 1 in Long Blades
 24752 | Lair:3   | Killed Rupert
 24753 | Lair:3   | Reached XP level 12. HP: 66/71 MP: 13/25
 24847 | Lair:3   | Identified the +7 rapier of Piah Po Hao {freeze, rF+ Int+6}
 25923 | Lair:3   | Found a staircase to the Shoals.
 26370 | Lair:3   | Killed a six-headed hydra
 27092 | Lair:4   | Found a runed translucent door.
 27093 | Lair:4   | Noticed runemage's ghost (journeyman GnFi)
 27973 | Lair:4   | Found a hole to the Spider Nest.
 29354 | Lair:5   | Reached skill level 13 in Conjurations
 29354 | Lair:5   | Reached skill level 5 in Air Magic
 29481 | Lair:5   | Found a staircase to the Slime Pits.
 29482 | Lair:5   | Found a viscous altar of Jiyva.
 29492 | Lair:5   | Noticed a four-headed hydra
 29504 | Lair:5   | Killed a four-headed hydra
 29819 | Lair:5   | Noticed a death yak
 29851 | Lair:5   | Reached XP level 13. HP: 71/76 MP: 19/26
 30039 | Lair:5   | Identified the +6 great sword of Guile {flame, rN+}
 31019 | Lair:5   | Noticed Sonja
 31034 | Lair:5   | Killed Sonja
 32552 | Lair:4   | Reached skill level 5 in Translocations
 32704 | Lair:4   | Reached skill level 5 in Poison Magic
 34088 | Lair:6   | Entered Level 6 of the Lair of Beasts
 36282 | Lair:6   | Found an ancient bone altar of Kikubaaqudgha.
 37400 | Lair:6   | Reached skill level 5 in Short Blades
 37933 | Lair:6   | Noticed a fire dragon
 38208 | Lair:6   | Killed a fire dragon
 38439 | Lair:6   | Identified a scroll of acquirement
 38439 | Lair:6   | Acquired a staff of conjuration
 39281 | D:9      | Learned a level 3 spell: Ignite Poison
 39287 | D:9      | Learned a level 5 spell: Fireball
 39520 | D:9      | Noticed Grum
 39526 | D:9      | Killed Grum
 39648 | D:9      | Identified the +8 ring mail of Loss {rF+ rCorr Int+4}
 39737 | D:9      | Found a transporter.
 39739 | D:9      | Noticed Orlauf's ghost (novice DsGl)
 39740 | D:9      | Found a bloodstained altar of Trog.
 39748 | D:9      | Found a transporter.
 39965 | D:9      | Reached XP level 14. HP: 83/83 MP: 21/28
 40442 | D:10     | Entered Level 10 of the Dungeon
 40677 | D:10     | Found a transporter.
 40682 | D:10     | Found a transporter.
 40686 | D:10     | Noticed pmoppi's ghost (journeyman VSBr)
 41200 | D:10     | Reached skill level 1 in Fire Magic
 41221 | D:10     | Reached ***** piety under Vehumet
 42058 | D:10     | Offered knowledge of Sticky Flame by Vehumet.
 42059 | D:10     | Reached skill level 1 in Armour
 42064 | D:10     | Killed pmoppi's ghost
 42065 | D:10     | Reached skill level 10 in Stealth
 42194 | D:11     | Found a flagged portal.
 42211 | Bailey   | Entered a bailey
 43858 | Bailey   | Acquired the +5 quick blade of Fragile Peace {vorpal, rN+++
                  | Will+ Int-3}
 44329 | D:11     | Found a staircase to the Orcish Mines.
 45514 | D:12     | Noticed Azrael
 45541 | D:12     | Killed Azrael
 45839 | D:12     | Reached skill level 14 in Conjurations
 45849 | D:12     | Reached skill level 1 in Evocations
 45967 | D:12     | Found a runed translucent gate.
 45967 | D:12     | Found a runed translucent gate.
 45967 | D:12     | Found a runed translucent gate.
 46529 | D:12     | Noticed Snorg
 46549 | D:12     | Killed Snorg
 46837 | D:12     | Found Luaj's Magic Scroll Emporium.
 46845 | D:12     | Bought a scroll of teleportation for 36 gold pieces
 47354 | D:12     | Noticed Orlauf's ghost (journeyman DsGl)
 48616 | D:13     | Offered knowledge of Lightning Bolt by Vehumet.
 48714 | D:13     | Learned a level 5 spell: Lightning Bolt
 48720 | D:13     | Found a gate to the Vaults.
 48982 | D:13     | Reached skill level 10 in Dodging
 49046 | D:13     | Found a snail-covered altar of Cheibriados.
 49188 | D:13     | Noticed Erolcha
 49195 | D:13     | Killed Erolcha
 49840 | D:14     | HP: 4/86 [centaur warrior/arrow (1)]
 51127 | D:14     | Reached XP level 15. HP: 90/90 MP: 17/29
 52310 | D:15     | Entered Level 15 of the Dungeon
 53003 | D:15     | Reached skill level 10 in Spellcasting
 54286 | D:15     | Identified the Incunabulum of Shifting Malediction
 54336 | D:15     | Found a sparkling altar of Nemelex Xobeh.
 54428 | D:15     | Reached skill level 10 in Fighting
 55091 | D:15     | Found a staircase to the Depths.
 55091 | D:15     | Noticed a frost giant
 55095 | D:15     | Killed a frost giant
 55871 | D:15     | Upgraded the game from 0.27-a0-1299-g1ab19c6527 to
                  | 0.27-a0-1301-g128193abf8
 55976 | Orc:1    | Entered Level 1 of the Orcish Mines
 56328 | Orc:1    | Offered knowledge of Conjure Ball Lightning by Vehumet.
 57254 | Orc:1    | Learned a level 6 spell: Conjure Ball Lightning
 57477 | Orc:2    | Entered Level 2 of the Orcish Mines
 57477 | Orc:2    | Found a staircase to the Elven Halls.
 57762 | Orc:2    | Reached skill level 5 in Fire Magic
 60711 | Orc:2    | Offered knowledge of Spellforged Servitor by Vehumet.
 60785 | Orc:2    | Found Bupedin's Magic Scroll Shoppe.
 60785 | Orc:2    | Found Dumaw's Magic Scroll Shoppe.
 60786 | Orc:2    | Found Hetsibu's Antique Armour Boutique.
 60786 | Orc:2    | Found Ciorrah's Distillery.
 60793 | Orc:2    | Bought a scroll of teleportation for 42 gold pieces
 60793 | Orc:2    | Bought a scroll of teleportation for 42 gold pieces
 60793 | Orc:2    | Bought a scroll of fog for 28 gold pieces
 60855 | Orc:2    | Bought a runed cloak for 247 gold pieces
 60865 | Orc:2    | Bought a potion of heal wounds for 80 gold pieces
 60865 | Orc:2    | Bought a potion of curing for 48 gold pieces
 60865 | Orc:2    | Bought a potion of heal wounds for 80 gold pieces
 60865 | Orc:2    | Bought a potion of curing for 48 gold pieces
 60881 | Orc:2    | Bought a scroll of teleportation for 36 gold pieces
 60928 | Orc:2    | Killed from afar by a deep elf zephyrmancer

Illustrated notes

Levels and vault maps discovered:
D:1:      grunt_arrival_lava_bath, layout_basic
D:2:      layout_loops_ring, basic_altar
D:3:      layout_loops_corners, ebering_ecumenical_altar_ruins, serial_shops,
          nicolae_shop_stone
D:4:      kennysheep_big_flooded_room, layout_basic
D:5:      gammafunk_cloud_chamber, layout_basic
D:6:      layout_basic
D:7:      layout_gridville, kennysheep_little_box,
          minmay_temple_entry_antechambers, uniq_menkaure
D:8:      layout_loops_ring, erik_lair_orcish_takeover, serial_shops,
          nicolae_shop_behind_doors, enter_ossuary_2, special_room
          [special_room_orc]
D:9:      layout_basic, gammafunk_ghost_wrathful_warriors, uniq_grum
D:10:     layout_roguey, gammafunk_ghost_hive
D:11:     layout_layer_cave, orc_0_dummy, enter_bailey_8,
          portal_ice_cave_entry_ice_beasts, minmay_misc_feat_columns
D:12:     layout_gridville, gammafunk_ghost_icy, serial_shops,
          nicolae_diamond_shop, uniq_snorg, uniq_azrael
D:13:     layout_basic, erik_vaults_1, cheibrodos_worm_habitat, uniq_erolcha
D:14:     layout_small_grid
D:15:     grunt_enter_depths_snipers, layout_cave_pods,
          nemelex_xobeh_ov_fountains_minmay, st_stairs_9, grunt_ministairs_2,
          chequers_serial_rivers_micro_b, minmay_pinched_square
Lair:1:   layout_regular_city
Lair:2:   layout_roguey, chequers_serial_rivers_micro_d
Lair:3:   layout_concentric_octagons, elwin_shoals_entry_rooms,
          grunt_megastairs_4, lemuel_fruit_fields, infiniplex_staircase_pool_2,
          serial_bayou_shore_b, uniq_rupert
Lair:4:   layout_regular_city, nicolae_spider_entry_orb_guardian,
          ebering_ghost_inner_flame
Lair:5:   nzn_winding_woodlands_cross [nzn_winding_woodlands_5x15_default,
          nzn_winding_woodlands_5x15_crooked, nzn_winding_woodlands_5x15_garden,
          nzn_winding_woodlands_5x15_zeroes,
          nzn_winding_woodlands_15x15_eel_pit], layout_hall_layers,
          slime_altar_1, uniq_sonja
Lair:6:   guppyfry_lair_end_dragon, layout_big_grid, basic_altar,
          serial_bayou_shore_b
Orc:1:    nicolae_orc_accident_3, layout_caves
Orc:2:    st_orc_elflike, layout_caves, hangedman_minor_magic

Skill      XL: |  1  2  3  4  5  6  7  8  9 10 11 12 13 14 15 |
---------------+----------------------------------------------+-----
Conjurations   | 6 7 8 9 10 11 12 13 14 | 14.9
Spellcasting   | 3 4 5 6 7 8 9 10 | 10.3
Stealth        | 3 4 5 7 8 9 10 11 | 11.1
Short Blades   | 1 3 5 6 7 |  7.7
Air Magic      | 2 3 5 7 8 |  8.3
Poison Magic   | 2 3 4 5 6 |  6.6
Dodging        | 3 4 6 7 8 9 10 | 10.9
Shields        | 3 4 |  4.1
Fighting       | 3 4 6 7 9 10 | 10.5
Translocations | 1 3 4 5 |  5.0
Earth Magic    | 2 |  2.2
Long Blades    | 2 |  2.6
Fire Magic     | 3 5 |  5.4
Armour         | 3 4 |  4.0
Evocations     | 2 4 |  4.4

Action                   |  1- 3 |  4- 6 |  7- 9 | 10-12 | 13-15 || total
-------------------------+-------+-------+-------+-------+-------++-------
Melee: Short sword       |     3 |    11 |    54 |   131 |       ||   199
       Kick              |     1 |     1 |    21 |    57 |   101 ||   181
       Unarmed           |     1 |       |       |       |       ||     1
       Peck              |       |     1 |     5 |    38 |    82 ||   126
       Long sword        |       |       |       |    26 |     5 ||    31
       Rapier            |       |       |       |    71 |   269 ||   340
       Staff             |       |       |       |       |    68 ||    68
       Quick blade       |       |       |       |       |    27 ||    27
Throw: Javelin           |       |       |     1 |       |       ||     1
 Cast: Magic Dart        |    54 |    85 |   155 |   196 |   478 ||   968
       Searing Ray       |     1 |    14 |    49 |    83 |   122 ||   269
       Stone Arrow       |       |       |       |     6 |    95 ||   101
       Mephitic Cloud    |       |       |       |    10 |   111 ||   121
       Poisonous Vapours |       |       |       |     2 |     3 ||     5
       Blink             |       |       |       |     1 |    11 ||    12
       Iskenderun's Myst |       |       |       |       |    67 ||    67
       Ignite Poison     |       |       |       |       |    10 ||    10
       Fireball          |       |       |       |       |    10 ||    10
       Lightning Bolt    |       |       |       |       |    17 ||    17
       Conjure Ball Ligh |       |       |       |       |     1 ||     1
Evoke: Wand              |       |       |     4 |     7 |    22 ||    33
       Lightning rod     |       |       |       |       |    10 ||    10
  Use: Scroll            |       |     5 |     8 |    17 |    11 ||    41
       Potion            |       |       |     1 |     2 |     6 ||     9
 Stab: Sleeping          |       |     1 |     1 |     2 |     9 ||    13
       Distracted        |       |       |       |     2 |     1 ||     3
       Confused          |       |       |       |     7 |    20 ||    27
Armor: Robe              |       |     3 |    30 |    25 |    24 ||    82
       Ring mail         |       |       |       |       |    95 ||    95
Dodge: Dodged            |     6 |    16 |   184 |   292 |   434 ||   932
Block: Buckler           |       |       |    30 |   103 |   217 ||   350
       Reflection        |       |       |       |       |    13 ||    13
       Rpst.: Long sword |       |       |       |     5 |       ||     5

Table legend: (Time is in decaauts)
 A = Elapsed time spent in this place.
 B = Non-inter-level travel time spent in this place.
 C = Inter-level travel time spent in this place.
 D = Time resting spent in this place.
 E = Time spent auto-exploring this place.
 F = Levels seen in this place.
 G = Mean time per level.
                   A        B        C        D        E       F      G
               +--------+--------+--------+--------+--------+-----+--------+
         Total |  59225 |  57651 |   1574 |  37036 |  13239 |  25 | 2369.0 |
       Dungeon |  32125 |  30981 |   1144 |  18268 |   9509 |  15 | 2141.7 |
          Lair |  20567 |  20184 |    383 |  14685 |   2584 |   6 | 3427.8 |
  Orcish Mines |   4492 |   4446 |     46 |   2683 |   1018 |   2 | 2246.0 |
       Ossuary |    226 |    226 |      0 |    115 |      0 |   1 |  226.0 |
        Bailey |   1813 |   1813 |      0 |   1285 |    126 |   1 | 1813.0 |
               +--------+--------+--------+--------+--------+-----+--------+

Top non-repeatable levels by time:
  Lair:4: 4095 daAuts
  Lair:5: 3878 daAuts
  Lair:6: 3841 daAuts
  Lair:1: 3464 daAuts
    D:14: 3340 daAuts
  Lair:3: 2847 daAuts
     D:4: 2810 daAuts
   Orc:1: 2699 daAuts
     D:6: 2555 daAuts
    D:12: 2447 daAuts
  Lair:2: 2439 daAuts
     D:7: 2364 daAuts
     D:5: 2355 daAuts
    D:13: 2353 daAuts
     D:8: 2204 daAuts
